 Dungeon Crawl Stone Soup version 0.20.1-1-g8b1a95d (webtiles) character file.

208 Necroz the Purveyor of Pain (level 5, -1/35 HPs)
             Began as a Mummy Necromancer on July 11, 2017.
             Was an Initiate of Kikubaaqudgha.
             Slain by Pikel
             ... wielding a +1 whip of freezing
              (6 damage)
             ... on level 4 of the Dungeon.
             The game lasted 00:59:22 (3600 turns).

Necroz the Purveyor of Pain (Mummy Necromancer)     Turns: 3600, Time: 00:59:22

Health: -1/35      AC:  5    Str: 11    XL:     5   Next: 55%
Magic:  6/12       EV: 12    Int: 18    God:    Kikubaaqudgha [......]
Gold:   145        SH:  0    Dex: 13    Spells: 4/13 levels left

rFire    . . .     SeeInvis .   p - staff of poison
rCold    . . .     Gourm    .   (no shield)
rNeg     + + +     Faith    .   n - +1 leather armour
rPois    ∞         Spirit   .   i - +1 hat {Int+3}
rElec    .         Reflect  .   (no cloak)
rCorr    .         Harm     .   (no gloves)
MR       .....                  (no boots)
Stlth    ++........             h - amulet of regeneration
Regen    0.6/turn               o - ring of fire
MPRegen  0.2/turn               (no ring)

@: no status effects
A: no food or potions, fire vulnerability, cold resistance 1, negative energy
resistance 3, torment resistance, unbreathing
a: Renounce Religion


You were on level 4 of the Dungeon.
You worshipped Kikubaaqudgha.
Kikubaaqudgha was noncommittal.
You were not hungry.

You visited 1 branch of the dungeon, and saw 4 of its levels.

You collected 145 gold pieces.

Inventory:

Hand Weapons
 g - a +0 club
Armour
 a - a +0 robe
 i - a +1 hat of intelligence (worn)
 n - a +1 leather armour (worn)
 r - a +0 robe
 s - a +0 robe
Magical Staves
 p - an uncursed staff of poison (weapon)
Jewellery
 h - an amulet of regeneration (around neck)
 o - a ring of fire (left hand)
Scrolls
 d - a scroll of remove curse
 k - a scroll of random uselessness {unknown}
 l - 2 scrolls of identify
 q - a scroll of blinking {unknown}
 t - a scroll of fog {unknown}
Potions
 c - a potion of lignification
Books
 b - a book of Necromancy

   Spells                             Type                      Level
   a - Pain                           Necromancy                   1
   b - Animate Skeleton               Necromancy                   1
   c - Vampiric Draining              Necromancy                   3
   d - Regeneration                   Charms/Necromancy            3
   e - Animate Dead                   Necromancy                   4
   f - Control Undead                 Necromancy                   4


   Skills:
 - Level 0.2 Fighting
 + Level 2.2 Dodging
 - Level 1.9 Stealth
 + Level 4.7 Spellcasting
 + Level 5.5 Necromancy


You had 4 spell levels left.
You knew the following spells:

 Your Spells              Type           Power        Failure   Level  Hunger
a - Pain                  Necr           ###.         1%          1    N/A
b - Animate Skeleton      Necr           N/A          1%          1    N/A
c - Vampiric Draining     Necr           ###.......   5%          3    N/A
d - Animate Dead          Necr           N/A          19%         4    N/A

Dungeon Overview and Level Annotations

Branches:
Dungeon (4/15)
 Temple: D:4-7

Altars:
Ashenzari
Kikubaaqudgha
Ru

Shops:
D:4 [

Annotations:
D:3 humperndinck's ghost, amateur DrCj
D:4 Ezendos's ghost, novice HuSk; Pikel


Innate Abilities, Weirdness & Mutations

You do not eat or drink.
Your flesh is vulnerable to fire.
You are immune to poison.
Your flesh is cold resistant. (rC+)
You are immune to negative energy. (rN+++)
You are immune to unholy pain and torment.
You can survive without breathing.


Message History

The hound skeleton closely misses you. The hound skeleton bites you.
* * * LOW HITPOINT WARNING * * *
You hit the hound skeleton.
You destroy the hound skeleton!
Kikubaaqudgha accepts your kill.
The jackal bites you but does no damage.
Pikel hits you with a whip of freezing.
* * * LOW HITPOINT WARNING * * *
Pikel freezes you.
* * * LOW HITPOINT WARNING * * *
Casting: Vampiric Draining
Confirm with . or Enter, or press ? or * to list all spells.
Aiming: Vampiric Draining
Press: ? - help, Shift-Dir - straight line, f - Pikel
Aim: Pikel, wielding a whip of freezing, wearing a robe and carrying a wand of lightning (?/15) {zapped: 5} Pikel is moderately wounded.
You feel life coursing into your body. The jackal barely misses you.
Pikel hits you with a whip of freezing.
You die...
Kikubaaqudgha rasps: "You have failed me!
Welcome... oblivion!"

#.#
#...........#
#.#
#.#######'###
#.# #.# #.#
#.# #.# #K#
##K# #.# #.#
...# #.# #.#
#### #.# #.#
..[....#
#.#####
########
#.K@#.#.#.#.
####hZ..>...
# ##r#.#.#. #
h.. # .#.# #
..... # .#
#.# # .. ...
# .# #.


You could see Pikel, a hound, a quokka, a jackal and an adder skeleton.

Vanquished Creatures
  An ogre (D:4)
  Terence (D:3)
  A hound skeleton (D:4)
  2 adders
  An ooze (D:2)
  A worm (D:2)
  A dart slug (D:3)
  2 leopard geckos
  2 orcs
  3 bats
  4 giant cockroaches
  4 goblins
  9 hobgoblins
  3 jackals (D:4)
  7 kobolds
  A ball python (D:2)
  3 rats
46 creatures vanquished.

Vanquished Creatures (collateral kills)
  An adder (D:2)
  2 hobgoblins (D:2)
  A kobold (D:2)
4 creatures vanquished.

Vanquished Creatures (others)
  An adder (D:3)
  A hobgoblin (D:3)
2 creatures vanquished.

Grand Total: 52 creatures vanquished

Notes
Turn   | Place    | Note
-------+----------+-------------------------------------------
     0 | D:1      | Necroz the Mummy Necromancer began the quest for the Orb.
     0 | D:1      | Reached XP level 1. HP: 13/13 MP: 4/4
    36 | D:1      | Learned a level 1 spell: Animate Skeleton
   450 | D:1      | Reached XP level 2. HP: 16/19 MP: 2/5
  1128 | D:2      | Found a shattered altar of Ashenzari.
  1256 | D:2      | Reached XP level 3. HP: 18/24 MP: 0/7
  1602 | D:2      | Found an ancient bone altar of Kikubaaqudgha.
  1608 | D:2      | Became a worshipper of Kikubaaqudgha
  1617 | D:2      | Learned a level 3 spell: Vampiric Draining
  2253 | D:3      | Noticed Terence
  2264 | D:3      | Killed Terence
  2264 | D:3      | Reached XP level 4. HP: 14/30 MP: 1/9
  2367 | D:3      | Learned a level 4 spell: Animate Dead
  2490 | D:3      | Reached skill level 5 in Necromancy
  2678 | D:3      | Noticed humperndinck's ghost (amateur DrCj)
  2907 | D:3      | Found a sacrificial altar of Ru.
  3219 | D:4      | Noticed Ezendos's ghost (novice HuSk)
  3220 | D:4      | Noticed a slave
  3225 | D:4      | Noticed Pikel
  3346 | D:4      | Found Gecroifirgh's Antique Armour Boutique.
  3483 | D:4      | Noticed an ogre
  3536 | D:4      | Killed an ogre
  3536 | D:4      | Reached XP level 5. HP: 32/35 MP: 1/11
  3599 | D:4      | HP: 1/35 [Pikel/whip of freezing (1)]
  3600 | D:4      | Slain by Pikel

Skill      XL: |  1  2  3  4 |
---------------+-------------+-----
Spellcasting   | 3 4 |  4.7
Dodging        | 2 |  2.2
Necromancy     | 5 |  5.5
Fighting       | |  0.2
Stealth        | |  1.9

Action                   |  1- 3 |  4- 6 || total
-------------------------+-------+-------++-------
Melee: Unarmed           |    16 |       ||    16
       Club              |    44 |       ||    44
       Staff             |     1 |    46 ||    47
 Cast: Animate Skeleton  |    12 |     3 ||    15
       Pain              |    48 |    38 ||    86
       Vampiric Draining |     1 |     4 ||     5
       Animate Dead      |       |     3 ||     3
  Use: Scroll            |       |     7 ||     7
Armor: Robe              |    19 |       ||    19
       Leather armour    |       |    24 ||    24
Dodge: Dodged            |    78 |    61 ||   139
